 Dungeon Crawl Stone Soup version 0.29-a0-25-g7f48f510a0 (webtiles) character file.

Game seed: 7672698213639638770

26 Bosse the Insei (level 3, -5/23 HPs)
             Began as an Octopode Transmuter on Jan 31, 2022.
             Slain by Terence (12 damage)
             ... on level 2 of the Dungeon.
             The game lasted 00:06:06 (1454 turns).

Bosse the Insei (Octopode Transmuter)               Turns: 1454, Time: 00:06:06

Health: -5/23      AC:  1    Str:  9    XL:     3   Next: 8%
Magic:  4/6        EV: 13    Int: 17    God:
Gold:   112        SH:  0    Dex: 12    Spells: 3/6 levels left

rFire   . . .      SeeInvis .     - Unarmed
rCold   . . .      Faith    .   (no shield)
rNeg    . . .      Spirit   .   (helmet currently unavailable)
rPois   .          Reflect  .   (no amulet)
rElec   .          Harm     .   (no ring)
rCorr   .          Rampage  .   (no ring)
Will    .....                   (no ring)
Stlth   +++.......              (no ring)
HPRegen 0.07/turn               (no ring)
MPRegen 0.10/turn               (no ring)
                                (no ring)
                                (no ring)

@: appendages
A: tentacle spike 3, almost no armour, amphibious, 8 rings, camouflage 1,
gelatinous body 1, (nimble swimmer 1), tentacles
a: End Transformation


You were on level 2 of the Dungeon.
One of your tentacles had grown a beastly spike.
You visited 1 branch of the dungeon, and saw 2 of its levels.

You collected 112 gold pieces.

Inventory:

Hand Weapons
 c - a +2 dagger of draining
Missiles
 b - 2 throwing nets
Jewellery
 f - a +6 ring of strength
Wands
 a - a wand of digging (1)
Scrolls
 e - a scroll of immolation {unknown}
Potions
 d - a potion of haste {unknown}
 g - a potion of invisibility {unknown}
 h - a potion of lignification {unknown}


   Skills:
 - Level 1.1 Fighting
 - Level 2.1 Dodging
 + Level 2.1 Stealth
 - Level 3.0 Unarmed Combat
 - Level 2.0 Spellcasting
 + Level 2.6 Transmutations


You had 3 spell levels left.
You knew the following spells:

 Your Spells              Type           Power      Damage    Failure   Level
a - Beastly Appendage     Tmut           20%        N/A       6%          1
b - Wereblood             Tmut           10%        N/A       10%         2

Your spell library contained the following spells:

 Spells                   Type           Power      Damage    Failure   Level
 Spider Form              Tmut/Pois      6%         N/A       32%         3
 Ice Form                 Ice/Tmut       6%         N/A       73%         4


Dungeon Overview and Level Annotations

Branches:
Dungeon (2/15)

Altars:

Annotations:
D:2 Terence


Innate Abilities, Weirdness & Mutations

One of your tentacles has grown a beastly spike.
You cannot wear most types of armour.
You are amphibious.
You can wear up to eight rings at the same time.
Your skin changes colour to match your surroundings (Stealth+).
Your rubbery body absorbs attacks. (AC +1, EV +1)
((You are camouflaged when in or above water. (Stealth+)))
You have tentacles for arms and can constrict up to eight enemies at once.


Message History

Your transformation is almost over.
Your tentacle spike disappears.
You now have 101 gold pieces (gained 12).
You now have 112 gold pieces (gained 11).
A rat comes into view.
A rat is nearby!
One of your tentacles grows a vicious spike.
You tentacle-slap the rat. Your grab misses the rat.
You pierce the rat.
You kill the rat!
Your transformation is almost over.
You see here a rat corpse.
Your tentacle spike disappears.
Terence the Incautious comes into view.
He is wielding a +0 flail and wearing a +2 ring mail of willpower.
Terence is nearby!
One of your tentacles grows a vicious spike.
You extend your transformation's duration.
You fail to extend your transformation any further.
A worm comes into view.
Found a stone staircase leading up.
The helpless Terence fails to defend himself.
You tentacle-slap Terence. You grab Terence. You squeeze Terence.
Terence is lightly wounded.
You constrict Terence, but do no damage.
Terence completely misses you. The worm bites you.
You tentacle-slap Terence.
You pierce Terence, but do no damage.
Terence is moderately wounded.
You constrict Terence, but do no damage.
Terence says, "Did you write a will?
You should..."
Terence hits you with a +0 flail!
You are too injured to fight recklessly!
You are too injured to fight recklessly!
You are too injured to fight recklessly!
You are too injured to fight recklessly!
You are too injured to fight recklessly!
You tentacle-slap Terence but do no damage.
You pierce Terence, but do no damage.
Terence is moderately wounded.
You constrict Terence. Terence hits you with a +0 flail!
Ouch! That really hurt!
You die...

..........#...## ###.
###.............. ....
#................
...###.##..>..........
#.....##.............
#....##.............
#....######.........
#####....#####..#.......
.<....@@................
#####...w###############
#....# #....# ######


You could see Terence and a worm.

Vanquished Creatures
  An adder (D:2)
  2 ball pythons
  3 endoplasms (D:2)
  A giant cockroach (D:2)
  2 goblins (D:1)
  3 kobolds
  A frilled lizard (D:2)
  3 rats (D:2)
16 creatures vanquished.

Notes
Turn   | Place    | Note
-------+----------+-------------------------------------------
     0 | D:1      | Bosse the Octopode Transmuter began the quest for the Orb.
     0 | D:1      | Reached XP level 1. HP: 13/13 MP: 3/3
   207 | D:1      | Found a faded altar of an unknown god.
   401 | D:1      | Reached XP level 2. HP: 18/18 MP: 3/5
   882 | D:2      | Reached skill level 1 in Stealth
  1085 | D:2      | Reached XP level 3. HP: 11/23 MP: 2/6
  1252 | D:2      | Learned a level 2 spell: Wereblood
  1442 | D:2      | Noticed Terence
  1454 | D:2      | Slain by Terence

Illustrated notes

Levels and vault maps discovered:
D:1:      pf_arrival_petrified_forest, layout_loops_ring,
          hellmonk_ecumenical_altar_crossroads
D:2:      layout_rooms, kennysheep_crisscross, minmay_surrounded, uniq_terence

Skill      XL: |  1  2  3 |
---------------+----------+-----
Stealth        | 1 2 |  2.1
Fighting       | |  1.1
Dodging        | |  2.1
Unarmed Combat | |  3.0
Spellcasting   | |  2.0
Transmutations | |  2.6

Action                   || total
-------------------------++-------
Melee: Unarmed           ||    27
       Kick              ||    10
       Constrict         ||     8
       Tentacles         ||    10
       Punch             ||     1
 Cast: Beastly Appendage ||    27
       Wereblood         ||     1
  Use: Scroll            ||     2
 Stab: Sleeping          ||     2
Armor: Skin              ||     1
Dodge: Dodged            ||    18

Table legend: (Time is in decaauts)
 A = Elapsed time spent in this place.
 B = Non-inter-level travel time spent in this place.
 C = Inter-level travel time spent in this place.
 D = Time resting spent in this place.
 E = Time spent auto-exploring this place.
 F = Levels seen in this place.
 G = Mean time per level.
                   A        B        C        D        E       F      G
               +--------+--------+--------+--------+--------+-----+--------+
         Total |   1452 |   1446 |      6 |    298 |   1007 |   2 |  726.0 |
       Dungeon |   1452 |   1446 |      6 |    298 |   1007 |   2 |  726.0 |
               +--------+--------+--------+--------+--------+-----+--------+

Top non-repeatable levels by time:
     D:1: 850 daAuts
     D:2: 601 daAuts
